[Event "41st Jacques-Lemans-Open 2022"]
[Site "St. Veit/Glan"]
[Date "2022.07.10"]
[Round "3.31"]
[White "Ganauser, Eduard"]
[Black "Wiedner, Robert"]
[Result "0-1"]
[ECO "B10"]
[WhiteElo "1914"]
[BlackElo "2133"]
[Annotator "RC"]
[PlyCount "154"]
[EventDate "2022.07.09"]
[EventType "swiss"]
[EventCountry "AUT"]
[SourceTitle "playchess.com"]
[Source "ChessBase"]
[SourceQuality "1"]
[TimeControl "40/5400+30:1800+30"]

1. c4 c6 2. e4 d5 3. exd5 cxd5 4. d4 Nf6 5. Nf3 Nc6 6. cxd5 Nxd5 7. Nc3 Bg4 8. Bc4 e6 9. Nxd5 exd5 10. Be2 Be7 11. O-O O-O 12. Be3 Bf6 13. h3 Bf5 14. Qb3 Na5 15. Qa4 a6 16. Bd2 Nc6 17. Bc3 Re8 18. Rfe1 Qd7 19. Qd1 Re6 20. Qd2 h6 21. a4 Rae8 22. b4 Be4 23. Nh2 Bg5 24. Qb2 Rg6 25. Bg4 Qd8 26. f3 Bd3 27. Rxe8+ Qxe8 28. Re1 Qd8 29. Bh5 Rd6 30. Qf2 b5 31. axb5 axb5 32. f4 Bh4 33. g3 Bf6 34. Be2 Bxe2 35. Rxe2 Qd7 36. Kg2 Re6 37. Nf3 Be7 38. Ne5 Qb7 39. Nxc6 Qxc6 40. Rxe6 Qxe6 41. Qe1 Qxe1 42. Bxe1 Kh7 43. Kf3 Kg6 44. g4 f5 45. Kg3 fxg4 46. hxg4 h5 47. gxh5+ Kxh5 48. Kf3 Bd6 49. Bd2 Kh4 50. Be1+ Kh3 51. Bd2 g6 52. Be1 Be7 53. Bd2 Bh4 54. Bc3 Bf6 55. Bb2 Kh2 56. Kg4 Kg2 57. f5 g5 58. Bc1 Bxd4 59. Bxg5 Bc3 60. Be7 d4 61. Bf6 Bb2 62. Bg5 d3 63. f6 Bxf6 64. Bh6 Bc3 65. Kf5 Bxb4 66. Ke4 d2 67. Bxd2 Bxd2 68. Kd3 Be1 69. Kc2 Kf3 70. Kb3 Ke3 71. Kb2 Kd3 72. Kb3 Bc3 73. Ka3 Kc4 74. Ka2 Kb4 75. Kb1 Kb3 76. Kc1 Ka2 77. Kc2 Bf6 0-1

[Event "41st Jacques-Lemans-Open 2022"]
[Site "St. Veit/Glan"]
[Date "2022.07.10"]
[Round "3.32"]
[White "Zoernpfenning, Siegfried"]
[Black "Milde, Lars"]
[Result "1-0"]
[ECO "A45"]
[WhiteElo "2114"]
[BlackElo "1892"]
[Annotator "RC"]
[PlyCount "95"]
[EventDate "2022.07.09"]
[EventType "swiss"]
[EventCountry "AUT"]
[SourceTitle "playchess.com"]
[Source "ChessBase"]
[SourceQuality "1"]
[TimeControl "40/5400+30:1800+30"]

1. d4 Nf6 2. Bf4 g6 3. Nc3 d6 4. Qd2 h6 5. e4 Bg7 6. O-O-O c6 7. Be2 b5 8. Bf3 Nfd7 9. e5 d5 10. Kb1 e6 11. h4 Nb6 12. Re1 b4 13. Nd1 a5 14. Ne3 Na6 15. Be2 Nc7 16. Nf3 Ba6 17. Ng4 Bxe2 18. Qxe2 Nb5 19. h5 g5 20. Bd2 Na4 21. Qd3 Qb6 22. Ka1 Qb7 23. Rb1 c5 24. c4 dxc4 25. Qxc4 cxd4 26. Nxd4 Nxd4 27. Qxd4 Rd8 28. Qe3 Nb6 29. Rbc1 O-O 30. f3 Rd5 31. f4 Rfd8 32. Rc2 Rd3 33. Qe2 Qd5 34. Bc1 gxf4 35. Bxf4 b3 36. Rcc1 Qd4 37. Bxh6 Bxh6 38. Nxh6+ Kg7 39. Qf1 Kxh6 40. Qf6+ Kh7 41. Qxf7+ Kh8 42. Qf6+ Kh7 43. Qg6+ Kh8 44. Qh6+ Kg8 45. Qxe6+ Kh8 46. axb3 a4 47. Qf6+ Kg8 48. h6 1-0

[Event "41st Jacques-Lemans-Open 2022"]
[Site "St. Veit/Glan"]
[Date "2022.07.10"]
[Round "3.33"]
[White "Bajorski, Marius"]
[Black "Schippel, Gert"]
[Result "1-0"]
[ECO "B40"]
[WhiteElo "1870"]
[BlackElo "2106"]
[Annotator "RC"]
[PlyCount "63"]
[EventDate "2022.07.09"]
[EventType "swiss"]
[EventCountry "AUT"]
[SourceTitle "playchess.com"]
[Source "ChessBase"]
[SourceQuality "1"]
[TimeControl "40/5400+30:1800+30"]

1. e4 c5 2. Nf3 e6 3. b3 a6 4. Bb2 Nc6 5. g3 Nf6 6. e5 Ng4 7. h3 Nh6 8. g4 f6 9. exf6 gxf6 10. g5 Ng8 11. Rg1 Bg7 12. d3 Qe7 13. Nc3 b5 14. Qe2 Bb7 15. Ne4 fxg5 16. Nd6+ Kf8 17. Bxg7+ Qxg7 18. O-O-O Rb8 19. Kb1 h6 20. Qe3 Nd4 21. Nxb7 Qf6 22. Nxc5 Qxf3 23. Bg2 Qxe3 24. fxe3 Ne2 25. Nxd7+ Ke7 26. Nxb8 Nf6 27. Nxa6 Nd5 28. Bxd5 exd5 29. Rgf1 Nc3+ 30. Kc1 Nxd1 31. Kxd1 Ra8 32. Nb4 1-0

[Event "41st Jacques-Lemans-Open 2022"]
[Site "St. Veit/Glan"]
[Date "2022.07.10"]
[Round "3.34"]
[White "Wendl, Philipp"]
[Black "Blasge, Tobias"]
[Result "0-1"]
[ECO "B11"]
[WhiteElo "2097"]
[BlackElo "1826"]
[Annotator "RC"]
[PlyCount "176"]
[EventDate "2022.07.09"]
[EventType "swiss"]
[EventCountry "AUT"]
[SourceTitle "playchess.com"]
[Source "ChessBase"]
[SourceQuality "1"]
[TimeControl "40/5400+30:1800+30"]

1. e4 c6 2. Nf3 d5 3. Nc3 Bg4 4. h3 Bxf3 5. Qxf3 e6 6. g3 Nf6 7. Bg2 Bc5 8. O-O O-O 9. Qd1 d4 10. Na4 Be7 11. b3 Nbd7 12. Nb2 e5 13. f4 Ba3 14. d3 Re8 15. f5 b5 16. g4 h6 17. Rb1 Nh7 18. Qe1 Be7 19. Nd1 Bh4 20. Qe2 a5 21. Nb2 Nc5 22. Bd2 Bg3 23. Qf3 Qh4 24. Rfc1 Ng5 25. Qf1 Nd7 26. c4 b4 27. c5 Nf6 28. Bxg5 hxg5 29. Qf3 Bf4 30. Rc2 Nd7 31. Ra1 Reb8 32. Na4 Rb5 33. Bf1 Qh6 34. Rc4 g6 35. Qg2 Qh4 36. Be2 Kg7 37. Rf1 Qh8 38. Bf3 Be3+ 39. Kh1 Bf4 40. Bd1 Qh4 41. Rf3 Rh8 42. Kg1 gxf5 43. exf5 e4 44. dxe4 Ne5 45. Rxd4 Nxf3+ 46. Qxf3 Qxh3 47. Qxh3 Rxh3 48. Be2 Be3+ 49. Kg2 Bxd4 50. Kxh3 Rb8 51. Kg2 Rd8 52. Ba6 Rd7 53. Kf3 Kf6 54. Bc8 Rc7 55. Ba6 Ke5 56. Bd3 Bg1 57. Kg2 Bd4 58. Kf3 Bg1 59. Kg2 Be3 60. Kf3 Kd4 61. Bb1 Bf4 62. Bc2 Be5 63. Bd1 f6 64. Be2 Rh7 65. Bf1 Rh2 66. Bg2 Bf4 67. Nb6 Kxc5 68. Nd7+ Kd4 69. Nxf6 Rh6 70. Nh5 Be5 71. Bf1 c5 72. Bb5 Rb6 73. Be8 c4 74. bxc4 Kxc4 75. Ba4 Kc3 76. Ke3 b3 77. axb3 Rxb3 78. Bxb3 Kxb3 79. f6 a4 80. f7 Bd6 81. Ng3 a3 82. Ne2 Kb2 83. e5 Bf8 84. Ke4 a2 85. Kf5 a1=Q 86. Kxg5 Qe1 87. Nd4 Qxe5+ 88. Nf5 Qe6 0-1

[Event "41st Jacques-Lemans-Open 2022"]
[Site "St. Veit/Glan"]
[Date "2022.07.10"]
[Round "3.35"]
[White "Navaratnam, Rohan Shan Tze"]
[Black "Gockner, Martin"]
[Result "1-0"]
[ECO "E63"]
[WhiteElo "2071"]
[BlackElo "1879"]
[Annotator "NA RC"]
[PlyCount "91"]
[EventDate "2022.07.09"]
[EventType "swiss"]
[EventCountry "AUT"]
[SourceTitle "playchess.com"]
[Source "ChessBase"]
[SourceQuality "1"]
[TimeControl "40/5400+30:1800+30"]

1. d4 Nf6 2. c4 g6 3. g3 Bg7 4. Bg2 O-O 5. Nf3 d6 6. O-O Nc6 7. Nc3 a6 8. Re1 Rb8 9. Rb1 b5 10. cxb5 axb5 11. b4 e5 12. dxe5 Nxe5 13. Nxe5 dxe5 14. Bg5 Bf5 15. Rc1 h6 16. Qxd8 Rfxd8 17. Be3 e4 18. Bf4 Rd7 19. f3 exf3 20. Bxf3 g5 21. Be5 Ng4 22. Bxg7 Kxg7 23. Bc6 Rd4 24. Nxb5 Rxb4 25. Nxc7 Rb2 26. a4 Ra2 27. Rc5 Rb1 28. Rxb1 Bxb1 29. h3 Nf6 30. Re5 Ra1 31. Kf2 Bc2 32. a5 Ba4 33. Bb7 Nd7 34. Rd5 Nf6 35. Rd4 Bb3 36. a6 Ra5 37. Rd2 Bc4 38. Rc2 Bd5 39. Bxd5 Nxd5 40. Nxd5 Rxd5 41. Ra2 Rd8 42. a7 Ra8 43. Ke3 Kf6 44. Kd4 h5 45. Kd5 Kf5 46. Ra4 1-0

[Event "41st Jacques-Lemans-Open 2022"]
[Site "St. Veit/Glan"]
[Date "2022.07.10"]
[Round "3.36"]
[White "Gruenwald, Simon"]
[Black "Bethke, Robert"]
[Result "1/2-1/2"]
[ECO "C42"]
[WhiteElo "1762"]
[BlackElo "2070"]
[Annotator "RC"]
[PlyCount "110"]
[EventDate "2022.07.09"]
[EventType "swiss"]
[EventCountry "AUT"]
[SourceTitle "playchess.com"]
[Source "ChessBase"]
[SourceQuality "1"]
[TimeControl "40/5400+30:1800+30"]

1. e4 e5 2. Nf3 Nf6 3. Nxe5 d6 4. Nf3 Nxe4 5. Nc3 Nxc3 6. dxc3 Be7 7. Bd3 Nc6 8. Bf4 Be6 9. Nd4 Nxd4 10. cxd4 d5 11. c3 c6 12. Qf3 Qd7 13. h3 O-O-O 14. O-O-O Bd6 15. Rhe1 Rde8 16. Re2 Qc7 17. Bxd6 Qxd6 18. Rde1 Kd7 19. Bf5 g6 20. Bxe6+ fxe6 21. Qg4 Rhf8 22. g3 a5 23. f4 b5 24. Re5 b4 25. c4 dxc4 26. Rxa5 Ra8 27. Qg5 c3 28. bxc3 bxc3 29. Qe5 Rxa5 30. Qxa5 Rb8 31. Qa7+ Kc8 32. Qc5 Kd7 33. Qxc3 Qd5 34. Re2 Qh1+ 35. Kd2 Rb1 36. Qc2 Qg1 37. Re3 Qf2+ 38. Kd3 Qf1+ 39. Qe2 Qxh3 40. g4 Qh1 41. Rxe6 Qd1+ 42. Qxd1 Rxd1+ 43. Kc2 Ra1 44. Rf6 Rxa2+ 45. Kd3 Rh2 46. f5 gxf5 47. gxf5 h5 48. Rh6 h4 49. Ke3 h3 50. Kf3 Rh1 51. Kg3 Rg1+ 52. Kf2 Rh1 53. Kg3 Rd1 54. Rxh3 Rxd4 55. Rh7+ Kd6 1/2-1/2

[Event "41st Jacques-Lemans-Open 2022"]
[Site "St. Veit/Glan"]
[Date "2022.07.11"]
[Round "4.1"]
[White "Bosiocic, Marin"]
[Black "Windhager, Hannes"]
[Result "1/2-1/2"]
[ECO "A06"]
[WhiteElo "2549"]
[BlackElo "2244"]
[Annotator "ChessBase"]
[PlyCount "135"]
[EventDate "2022.07.09"]
[EventType "swiss"]
[EventCountry "AUT"]
[SourceTitle "playchess.com"]
[Source "ChessBase"]
[SourceQuality "1"]
[TimeControl "40/5400+30:1800+30"]

1. Nf3 d5 2. g3 g6 3. Bg2 Bg7 4. O-O e5 5. d3 Nc6 6. e4 dxe4 7. dxe4 Qxd1 8. Rxd1 Bg4 9. c3 Nf6 10. Re1 h6 11. Nbd2 Nd7 12. Bf1 O-O 13. b4 Rfd8 14. a4 a5 15. b5 Ncb8 16. Ba3 Nb6 17. Bc5 N8d7 18. Be3 Bf8 19. Be2 Be6 20. Bd1 f6 21. Nh4 Bf7 22. Bb3 Nc5 23. Bxc5 Bxc5 24. Bxf7+ Kxf7 25. Nb3 Be7 26. Ng2 Nc4 27. Ne3 Nxe3 28. Rxe3 b6 29. f4 Bd6 30. Rf1 Rd7 31. Rd3 Rad8 32. Kg2 exf4 33. gxf4 Ba3 34. Rd4 Rxd4 35. cxd4 f5 36. e5 Ke6 37. Ra1 Bb4 38. Rc1 Rd7 39. h4 Kd5 40. Kf3 Rg7 41. Rc6 Be1 42. Na1 Bd2 43. Nb3 Be1 44. Ke2 Bg3 45. Kd3 Bxf4 46. Rf6 Bg3 47. Nc1 Bxh4 48. Rc6 Bf2 49. Ne2 Bxd4 50. Nxd4 Kxe5 51. Ke3 Kd5 52. Ne2 g5 53. Kd3 h5 54. Nd4 Ke5 55. Ke3 f4+ 56. Kd3 g4 57. Rh6 Rg5 58. Nc6+ Kd5 59. Ne7+ Ke5 60. Ng6+ Kf5 61. Nh4+ Ke5 62. Ng6+ Kf5 63. Ne7+ Ke5 64. Nc6+ Kd5 65. Nd4 g3 66. Nf3 g2 67. Ng1 Kc5 68. Ke4 1/2-1/2

[Event "41st Jacques-Lemans-Open 2022"]
[Site "St. Veit/Glan"]
[Date "2022.07.11"]
[Round "4.2"]
[White "Riemelmoser, Franz"]
[Black "Rogic, Davor"]
[Result "1/2-1/2"]
[ECO "A28"]
[WhiteElo "2237"]
[BlackElo "2474"]
[Annotator "ChessBase"]
[PlyCount "23"]
[EventDate "2022.07.09"]
[EventType "swiss"]
[EventCountry "AUT"]
[SourceTitle "playchess.com"]
[Source "ChessBase"]
[SourceQuality "1"]
[TimeControl "40/5400+30:1800+30"]

1. c4 e5 2. Nc3 Nf6 3. Nf3 Nc6 4. a3 a5 5. e4 d6 6. h3 g6 7. d4 Nd7 8. Bg5 f6 9. Be3 Bg7 10. dxe5 Ndxe5 11. Nxe5 fxe5 12. c5 1/2-1/2

[Event "41st Jacques-Lemans-Open 2022"]
[Site "St. Veit/Glan"]
[Date "2022.07.11"]
[Round "4.3"]
[White "Praznik, Niko"]
[Black "Miazhynski, Yuri"]
[Result "1/2-1/2"]
[ECO "A05"]
[WhiteElo "2325"]
[BlackElo "2166"]
[Annotator "ChessBase"]
[PlyCount "121"]
[EventDate "2022.07.09"]
[EventType "swiss"]
[EventCountry "AUT"]
[SourceTitle "playchess.com"]
[Source "ChessBase"]
[SourceQuality "1"]
[TimeControl "40/5400+30:1800+30"]

1. Nf3 Nf6 2. c4 g6 3. g3 Bg7 4. Bg2 O-O 5. O-O d5 6. cxd5 Nxd5 7. d4 Nc6 8. e4 Nb6 9. d5 Na5 10. Nc3 c6 11. Re1 Nac4 12. h3 e6 13. dxc6 Qxd1 14. Nxd1 bxc6 15. Rb1 Nd7 16. Ne3 Ncb6 17. b3 Ba6 18. Bf1 Bxf1 19. Kxf1 a5 20. Ba3 Rfc8 21. Bd6 Bc3 22. Re2 Bb4 23. Rd1 Bxd6 24. Rxd6 a4 25. Rc2 axb3 26. axb3 c5 27. Nc4 Nxc4 28. Rxd7 Na5 29. Ng5 Nxb3 30. Nxf7 c4 31. Nd6 Rd8 32. Rxd8+ Rxd8 33. Nxc4 Rd4 34. Ne5 Rxe4 35. Rc8+ Kg7 36. Rc7+ Kf8 37. Nd7+ Ke7 38. Nc5+ Kd6 39. Nxe4+ Kxc7 40. Ng5 h6 41. Nxe6+ Kd6 42. Nf4 g5 43. Nd3 Ke6 44. Ke2 Kf5 45. Ke3 Kf6 46. Nb4 Kf5 47. Nc6 Kf6 48. Nd4 Nc5 49. Nf3 Kf5 50. Nd4+ Kf6 51. f4 gxf4+ 52. Kxf4 Nd3+ 53. Kg4 Kg6 54. Nc6 Nf2+ 55. Kh4 h5 56. Nd4 Kh6 57. Nf5+ Kg6 58. Ne7+ Kh6 59. Nd5 Ne4 60. Nf4 Nf6 61. g4 1/2-1/2

[Event "41st Jacques-Lemans-Open 2022"]
[Site "St. Veit/Glan"]
[Date "2022.07.11"]
[Round "4.4"]
[White "Frank, Emanuel"]
[Black "Kruckenhauser, Arthur"]
[Result "0-1"]
[ECO "A62"]
[WhiteElo "2160"]
[BlackElo "2303"]
[Annotator "ChessBase"]
[PlyCount "94"]
[EventDate "2022.07.09"]
[EventType "swiss"]
[EventCountry "AUT"]
[SourceTitle "playchess.com"]
[Source "ChessBase"]
[SourceQuality "1"]
[TimeControl "40/5400+30:1800+30"]

1. d4 Nf6 2. c4 e6 3. g3 c5 4. d5 exd5 5. cxd5 d6 6. Nc3 g6 7. Bg2 Bg7 8. Nf3 O-O 9. O-O Re8 10. a4 a6 11. h3 Nbd7 12. Bf4 Qc7 13. Rc1 Nh5 14. Bd2 Rb8 15. Re1 Ne5 16. Nxe5 Bxe5 17. e4 b5 18. axb5 axb5 19. b4 c4 20. Ne2 Qa7 21. Be3 Qa3 22. g4 Ng7 23. Nd4 Bd7 24. f4 Bf6 25. g5 Bxd4 26. Qxd4 Qxb4 27. Rb1 Qa3 28. Bc1 Qc5 29. Qxc5 dxc5 30. Be3 Rec8 31. Rec1 Ra8 32. Rc3 Ra2 33. Bf3 Ne8 34. e5 Nc7 35. Rd1 Na8 36. e6 fxe6 37. Bg4 Kf7 38. Rb1 Nc7 39. dxe6+ Bxe6 40. Bxe6+ Kxe6 41. Bxc5 Nd5 42. Ra3 Rxa3 43. Bxa3 b4 44. Bxb4 Nxb4 45. Rxb4 c3 46. Rb1 c2 47. Rc1 Kf5 0-1

[Event "41st Jacques-Lemans-Open 2022"]
[Site "St. Veit/Glan"]
[Date "2022.07.11"]
[Round "4.5"]
[White "Huber, Benedikt"]
[Black "Sucher, Johannes"]
[Result "1-0"]
[ECO "D11"]
[WhiteElo "2289"]
[BlackElo "2164"]
[Annotator "ChessBase"]
[PlyCount "83"]
[EventDate "2022.07.09"]
[EventType "swiss"]
[EventCountry "AUT"]
[SourceTitle "playchess.com"]
[Source "ChessBase"]
[SourceQuality "1"]
[TimeControl "40/5400+30:1800+30"]

1. d4 d5 2. c4 c6 3. Nf3 Nf6 4. g3 Bf5 5. Nc3 e6 6. Qb3 Qb6 7. c5 Qxb3 8. axb3 Na6 9. Bf4 Be7 10. Ra4 O-O 11. Ne5 Nb8 12. b4 Nfd7 13. Nf3 Nf6 14. Nd2 Nbd7 15. b5 Nh5 16. b4 Nxf4 17. gxf4 cxb5 18. Nxb5 a6 19. Nc3 f6 20. e3 g5 21. fxg5 fxg5 22. Be2 Kh8 23. O-O g4 24. Rfa1 Rad8 25. Nf1 h5 26. b5 axb5 27. Bxb5 Bf6 28. Rc1 e5 29. Nxd5 Bh4 30. Ng3 exd4 31. Rxd4 Ne5 32. Be2 Bg6 33. Nf4 Rxd4 34. Nxg6+ Nxg6 35. exd4 Nf4 36. Bf1 Rd8 37. Rb1 Rd7 38. Rb6 Kh7 39. Nf5 Bd8 40. Rh6+ Kg8 41. Bc4+ Nd5 42. Rd6 1-0

[Event "41st Jacques-Lemans-Open 2022"]
[Site "St. Veit/Glan"]
[Date "2022.07.11"]
[Round "4.6"]
[White "Hofstadler, Mario"]
[Black "Sandhoefner, Florian"]
[Result "1/2-1/2"]
[ECO "D14"]
[WhiteElo "2123"]
[BlackElo "2289"]
[Annotator "ChessBase"]
[PlyCount "22"]
[EventDate "2022.07.09"]
[EventType "swiss"]
[EventCountry "AUT"]
[SourceTitle "playchess.com"]
[Source "ChessBase"]
[SourceQuality "1"]
[TimeControl "40/5400+30:1800+30"]

1. d4 Nf6 2. Nf3 d5 3. c4 c6 4. cxd5 cxd5 5. Nc3 Nc6 6. Bf4 Bf5 7. e3 e6 8. Qb3 Bb4 9. Bb5 O-O 10. O-O Bxc3 11. Bxc6 bxc6 1/2-1/2

[Event "41st Jacques-Lemans-Open 2022"]
[Site "St. Veit/Glan"]
[Date "2022.07.11"]
[Round "4.7"]
[White "Ernst, Robert"]
[Black "Moeller, Dustin"]
[Result "1-0"]
[ECO "D35"]
[WhiteElo "2001"]
[BlackElo "2237"]
[Annotator "ChessBase"]
[PlyCount "67"]
[EventDate "2022.07.09"]
[EventType "swiss"]
[EventCountry "AUT"]
[SourceTitle "playchess.com"]
[Source "ChessBase"]
[SourceQuality "1"]
[TimeControl "40/5400+30:1800+30"]

1. d4 d5 2. c4 e6 3. Nc3 Nf6 4. cxd5 exd5 5. Bg5 c6 6. e3 h6 7. Bh4 Be7 8. Bd3 O-O 9. Qc2 Re8 10. Nge2 Nbd7 11. O-O a5 12. f3 b5 13. e4 b4 14. e5 bxc3 15. exf6 Bxf6 16. Bxf6 Qxf6 17. bxc3 Ba6 18. Rab1 Qe7 19. Bxa6 Rxa6 20. Ng3 Rb6 21. Rbe1 Qxe1 22. Rxe1 Rxe1+ 23. Kf2 Reb1 24. Qa4 R6b5 25. Nf5 Nb6 26. Qa3 Nc4 27. Qe7 R5b2+ 28. Kg3 Rg1 29. Qd8+ Kh7 30. Ne7 Rbxg2+ 31. Kf4 g5+ 32. Kf5 Ne3+ 33. Kf6 Ng4+ 34. Kxf7 1-0

[Event "41st Jacques-Lemans-Open 2022"]
[Site "St. Veit/Glan"]
[Date "2022.07.11"]
[Round "4.8"]
[White "Lerch, Johannes"]
[Black "Feinig, Mario"]
[Result "1/2-1/2"]
[ECO "A04"]
[WhiteElo "2222"]
[BlackElo "2141"]
[Annotator "ChessBase"]
[PlyCount "51"]
[EventDate "2022.07.09"]
[EventType "swiss"]
[EventCountry "AUT"]
[SourceTitle "playchess.com"]
[Source "ChessBase"]
[SourceQuality "1"]
[TimeControl "40/5400+30:1800+30"]

1. Nf3 f5 2. d3 Nc6 3. e4 e5 4. Nc3 Nf6 5. exf5 d5 6. d4 exd4 7. Nxd4 Nxd4 8. Qxd4 Bxf5 9. Bg5 Bxc2 10. Kd2 Bg6 11. Re1+ Kf7 12. Kc1 c6 13. h4 Qb6 14. Qf4 h5 15. Rh3 Bc5 16. Rf3 Bd4 17. Bd3 Bxd3 18. Rxd3 Bxc3 19. Rxc3 Rae8 20. Rce3 Rxe3 21. Rxe3 Re8 22. Rxe8 Kxe8 23. Bxf6 gxf6 24. Qxf6 Qc5+ 25. Kb1 Qc4 26. g3 1/2-1/2

[Event "41st Jacques-Lemans-Open 2022"]
[Site "St. Veit/Glan"]
[Date "2022.07.11"]
[Round "4.9"]
[White "Hng, Mei-En Emmanuelle"]
[Black "Ofner, Maximilian"]
[Result "1/2-1/2"]
[ECO "B21"]
[WhiteElo "1997"]
[BlackElo "2194"]
[Annotator "ChessBase"]
[PlyCount "100"]
[EventDate "2022.07.09"]
[EventType "swiss"]
[EventCountry "AUT"]
[SourceTitle "playchess.com"]
[Source "ChessBase"]
[SourceQuality "1"]
[TimeControl "40/5400+30:1800+30"]

1. e4 c5 2. d4 cxd4 3. c3 Nf6 4. e5 Nd5 5. Qxd4 e6 6. Bd3 Nc6 7. Qe4 f5 8. exf6 Nxf6 9. Qh4 d5 10. Bg6+ hxg6 11. Qxh8 e5 12. Qh4 Bf5 13. Nf3 Qc7 14. O-O O-O-O 15. Bg5 Bd6 16. Nbd2 Kb8 17. Rfe1 Qc8 18. Qa4 Rh8 19. h4 Bh3 20. Re3 e4 21. Nd4 Bd7 22. Nb5 Be5 23. f4 a6 24. fxe5 axb5 25. Qa3 b4 26. cxb4 Ng4 27. Bf4 Be6 28. b5 Nxe3 29. Bxe3 d4 30. bxc6 dxe3 31. cxb7 Qxb7 32. Qxe3 Rxh4 33. Rf1 Qa7 34. Qxa7+ Kxa7 35. Re1 Bd5 36. Kf2 Rg4 37. g3 Kb6 38. b3 Kc5 39. Nf1 Rg5 40. Rc1+ Kd4 41. Ne3 Be6 42. Rd1+ Kxe5 43. Nc4+ Bxc4 44. bxc4 Rf5+ 45. Ke2 Rf3 46. Rd5+ Ke6 47. g4 Ra3 48. g5 Rc3 49. Rc5 Kd6 50. Rd5+ Ke6 1/2-1/2

[Event "41st Jacques-Lemans-Open 2022"]
[Site "St. Veit/Glan"]
[Date "2022.07.11"]
[Round "4.10"]
[White "Mitscherling, Andreas"]
[Black "Schwab, Rene"]
[Result "0-1"]
[ECO "A04"]
[WhiteElo "2165"]
[BlackElo "2124"]
[Annotator "ChessBase"]
[PlyCount "158"]
[EventDate "2022.07.09"]
[EventType "swiss"]
[EventCountry "AUT"]
[SourceTitle "playchess.com"]
[Source "ChessBase"]
[SourceQuality "1"]
[TimeControl "40/5400+30:1800+30"]

1. Nf3 c6 2. d4 d5 3. Bf4 Na6 4. e3 Bg4 5. h3 Bxf3 6. Qxf3 Nf6 7. Nd2 Nc7 8. Bd3 Ne6 9. Bh2 g6 10. O-O Bg7 11. c4 O-O 12. Qe2 c5 13. dxc5 Nxc5 14. Bc2 Rc8 15. Be5 Ncd7 16. Bc3 dxc4 17. Nxc4 Qc7 18. Nd2 Nd5 19. Bxg7 Kxg7 20. Bb3 N7f6 21. Nf3 Rfd8 22. Rfd1 e6 23. Rd4 Ne7 24. Rc4 Qb6 25. Rxc8 Rxc8 26. Rd1 Rd8 27. Nd4 Nf5 28. Nxf5+ gxf5 29. Rxd8 Qxd8 30. g4 fxg4 31. hxg4 Qa5 32. f4 Qc5 33. g5 Nd5 34. Bxd5 Qxd5 35. a3 Qe4 36. Kf2 e5 37. Qf3 Qc2+ 38. Kg3 exf4+ 39. exf4 Qxb2 40. Kg4 h6 41. gxh6+ Kxh6 42. Qd5 Qg7+ 43. Kf5 Qg6+ 44. Ke5 Kg7 45. Qxb7 Qe6+ 46. Kd4 Qd6+ 47. Ke4 Qxa3 48. Qc7 Qa1 49. Qc5 Qh1+ 50. Ke5 Qe1+ 51. Kf5 Qe6+ 52. Kg5 Qg6+ 53. Kh4 Qb6 54. Qg5+ Kf8 55. Qd5 Qf6+ 56. Kg3 a6 57. Qa8+ Kg7 58. Qa7 Qg6+ 59. Kf3 Qd3+ 60. Kg4 Qg6+ 61. Kf3 Qd6 62. Kg4 Kg6 63. Kf3 Qd5+ 64. Ke3 a5 65. Kf2 Kf5 66. Qc7 Qd4+ 67. Kf3 Qe4+ 68. Kg3 Qe3+ 69. Kg2 Qe2+ 70. Kg1 Qg4+ 71. Kh1 Qh5+ 72. Kg1 Kg4 73. Kf2 Qh2+ 74. Ke3 Qg3+ 75. Ke2 Qf3+ 76. Ke1 Qe3+ 77. Kd1 Qb3+ 78. Ke2 a4 79. Qe5 Qe6 0-1

[Event "41st Jacques-Lemans-Open 2022"]
[Site "St. Veit/Glan"]
[Date "2022.07.11"]
[Round "4.11"]
[White "Koelber, Daniel"]
[Black "Higatsberger, Michael"]
[Result "1-0"]
[ECO "B53"]
[WhiteElo "2176"]
[BlackElo "2021"]
[Annotator "ChessBase"]
[PlyCount "75"]
[EventDate "2022.07.09"]
[EventType "swiss"]
[EventCountry "AUT"]
[SourceTitle "playchess.com"]
[Source "ChessBase"]
[SourceQuality "1"]
[TimeControl "40/5400+30:1800+30"]

1. e4 c5 2. Nf3 d6 3. d4 cxd4 4. Qxd4 Nc6 5. Bb5 Bd7 6. Bxc6 Bxc6 7. Nc3 e5 8. Qd3 Rc8 9. O-O h6 10. Be3 a6 11. Rfd1 Nf6 12. Nd2 b5 13. a4 b4 14. Nd5 Bxd5 15. exd5 Ra8 16. a5 Be7 17. Nc4 Nd7 18. Qb3 Rb8 19. Bb6 Qc8 20. Qxb4 O-O 21. b3 Rd8 22. Qa4 Re8 23. Qc6 Qb7 24. Nxd6 Bxd6 25. Qxd6 Nxb6 26. axb6 Qxb6 27. Rxa6 Qb5 28. Rc6 Qe2 29. Rf1 Ra8 30. Qb4 e4 31. Re1 Qh5 32. Qd4 f5 33. d6 Qg5 34. d7 Red8 35. h3 Kh7 36. Rd1 Qh5 37. Rc5 Qg6 38. Qd5 1-0

[Event "41st Jacques-Lemans-Open 2022"]
[Site "St. Veit/Glan"]
[Date "2022.07.11"]
[Round "4.12"]
[White "Bauer, Sebastian"]
[Black "Zoernpfenning, Siegfried"]
[Result "1/2-1/2"]
[ECO "C42"]
[WhiteElo "2380"]
[BlackElo "2114"]
[Annotator "ChessBase"]
[PlyCount "71"]
[EventDate "2022.07.09"]
[EventType "swiss"]
[EventCountry "AUT"]
[SourceTitle "playchess.com"]
[Source "ChessBase"]
[SourceQuality "1"]
[TimeControl "40/5400+30:1800+30"]

1. e4 e5 2. Nf3 Nf6 3. Nxe5 d6 4. Nf3 Nxe4 5. c4 Be7 6. d4 O-O 7. Bd3 Nf6 8. h3 d5 9. O-O dxc4 10. Bxc4 Bf5 11. Nc3 c6 12. Ne5 Nfd7 13. Nxf7 Rxf7 14. Qb3 Bg6 15. Qxb7 Nb6 16. Bxf7+ Bxf7 17. Re1 Kf8 18. Bf4 Qd7 19. Qxd7 N8xd7 20. Ne4 Bd5 21. Bd6 Nc8 22. Bxe7+ Nxe7 23. Ng5 Nf6 24. Ne6+ Kf7 25. Nc7 Rb8 26. Nxd5 Nfxd5 27. Re2 Rb4 28. Rd1 Nf5 29. Red2 Ke6 30. g3 a5 31. Kg2 Nfe3+ 32. fxe3 Nxe3+ 33. Kf3 Nxd1 34. Rxd1 Rxb2 35. Re1+ Kd6 36. Re2 1/2-1/2

[Event "41st Jacques-Lemans-Open 2022"]
[Site "St. Veit/Glan"]
[Date "2022.07.11"]
[Round "4.13"]
[White "Wiedner, Robert"]
[Black "Fahrner, Kurt"]
[Result "0-1"]
[ECO "C00"]
[WhiteElo "2133"]
[BlackElo "2331"]
[Annotator "ChessBase"]
[PlyCount "74"]
[EventDate "2022.07.09"]
[EventType "swiss"]
[EventCountry "AUT"]
[SourceTitle "playchess.com"]
[Source "ChessBase"]
[SourceQuality "1"]
[TimeControl "40/5400+30:1800+30"]

1. e4 e6 2. Be2 d5 3. d3 Nf6 4. e5 Nfd7 5. f4 c5 6. Nf3 Nc6 7. c3 f6 8. d4 Qb6 9. a3 a5 10. Qa4 Be7 11. O-O O-O 12. Kh1 fxe5 13. fxe5 cxd4 14. cxd4 Rxf3 15. Bxf3 Qxd4 16. Qxd4 Nxd4 17. Bf4 Nb3 18. Ra2 b6 19. Bd1 Ba6 20. Re1 a4 21. Nc3 Bc4 22. Bxb3 axb3 23. Raa1 Nc5 24. Bg3 Nd3 25. Re2 Bb4 26. Nd1 Bc5 27. Nf2 Nb4 28. Rd2 Nc2 29. Rb1 Be3 30. Rdd1 Be2 31. Re1 Nxe1 32. Rxe1 Rc8 33. Nd1 Bxd1 34. Rxe3 Rc2 35. Re1 Be2 36. Rb1 Bd3 37. Kg1 Be4 0-1

[Event "41st Jacques-Lemans-Open 2022"]
[Site "St. Veit/Glan"]
[Date "2022.07.11"]
[Round "4.14"]
[White "Guetz, Wolfgang"]
[Black "Schernthaner, David"]
[Result "0-1"]
[ECO "B50"]
[WhiteElo "2034"]
[BlackElo "2319"]
[Annotator "ChessBase"]
[PlyCount "104"]
[EventDate "2022.07.09"]
[EventType "swiss"]
[EventCountry "AUT"]
[SourceTitle "playchess.com"]
[Source "ChessBase"]
[SourceQuality "1"]
[TimeControl "40/5400+30:1800+30"]

1. e4 c5 2. Nf3 d6 3. c3 Nf6 4. Be2 Nbd7 5. d3 e5 6. O-O Be7 7. a4 O-O 8. Nbd2 Re8 9. Re1 Nf8 10. h3 Ng6 11. d4 h6 12. Bb5 Bd7 13. Nc4 Bxb5 14. axb5 exd4 15. cxd4 d5 16. exd5 Qxd5 17. Nce5 Nf8 18. Nd3 cxd4 19. Re5 Qd7 20. Nf4 Red8 21. Qd3 Bd6 22. Rf5 N8h7 23. Nh5 Nxh5 24. Rxh5 Qe6 25. Rh4 Bc5 26. Bd2 Qg6 27. Qc4 Rac8 28. Rg4 Qf6 29. Re1 Nf8 30. Qd3 Ng6 31. h4 Rd5 32. Qc4 Qf5 33. Rxg6 Bd6 34. Qa2 fxg6 35. Nxd4 Qf7 36. Bc3 Rf5 37. Qxf7+ Rxf7 38. Re6 Rf6 39. Re4 Bc5 40. Nf3 Rf7 41. Re6 Kh7 42. Re5 Be7 43. Re6 Bf6 44. Ne5 Re7 45. Rxe7 Bxe7 46. g3 Rc5 47. b6 a6 48. Kg2 Rb5 49. Kf3 Rxb6 50. Ke4 Rb5 51. Nd7 Kg8 52. Ne5 Bf6 0-1